 Dungeon Crawl Stone Soup version 0.29.1-1-gd02db6906a (webtiles) character file.

Game seed: 2160343906010011911

13618 bwicke the Slicer (level 11, -3/90 HPs)
             Began as a Demonspawn Wanderer on Oct 20, 2022.
             Was a Priest of Nemelex Xobeh.
             Engulfed by a cloud of foul pestilence (11 damage)
             ... on level 1 of the Lair of Beasts.
             The game lasted 00:44:58 (12252 turns).

bwicke the Slicer (Demonspawn Wanderer)            Turns: 12252, Time: 00:44:59

Health: -3/90      AC: 10    Str: 22    XL:     11   Next: 77%
Magic:  21/21      EV: 16    Int: 14    God:    Nemelex Xobeh [***...]
Gold:   661        SH: 13    Dex: 20    Spells: 8/12 levels left

rFire   + . .      SeeInvis .   y - +8 short sword of Eternal Harmony {vorpal, rPois rF+ rC+ Str+5}
rCold   + . .      Faith    .   e - +2 buckler
rNeg    . . .      Spirit   .   N - +0 scale mail
rPois   +          Reflect  +   R - +1 hat
rElec   .          Harm     .   C - +2 cloak {Will+}
rCorr   .          Rampage  .   (no gloves)
Will    +....                   (no boots)
Stlth   +.........              j - amulet of reflection
HPRegen 0.25/turn               H - +6 ring of strength
MPRegen 0.17/turn               J - ring of magical power

@: no status effects
A: horns 1, sturdy frame 3, demonic magic 2, talons 1, agile 1
a: Renounce Religion, Draw Escape, Draw Destruction, Draw Summoning, Triple Draw


You were on level 1 of the Lair of Beasts.
You worshipped Nemelex Xobeh.
Nemelex Xobeh was most pleased with you.
You visited 3 branches of the dungeon, and saw 11 of its levels.

You collected 661 gold pieces.

Inventory:

Hand Weapons
 a - a +3 quarterstaff of chaos
 f - a +1 spectral club
 i - a +0 short sword of electrocution
 l - a +1 quick blade of chaos
 p - the +8 morningstar "Aqilowk" {drain, Str+4}
   (You found it on level 2 of the Lair of Beasts)

   A truly terrible weapon, it drains the life of any living foe it strikes.
   Str:       It affects your strength (+4).
 s - a +1 mace of protection
 w - a +0 dagger of flaming
 y - the +8 short sword of Eternal Harmony (weapon) {vorpal, rPois rF+ rC+ Str+5}
   (You found it on level 4 of the Dungeon)

   It inflicts extra damage upon your enemies.
   Str:       It affects your strength (+5).
   rF:        It protects you from fire.
   rC:        It protects you from cold.
   rPois:     It protects you from poison.
 D - a +2 dire flail of venom
 E - a +0 shortbow
 F - a +0 falchion of distortion
 Q - a +2 hand axe of draining
 U - a +0 falchion of protection
Missiles
 z - 2 silver javelins
 I - 14 poisoned darts
 L - 2 curare-tipped darts
 M - a throwing net
Armour
 d - a +0 robe
 e - a +2 buckler (worn)
 C - a +2 cloak of willpower (worn)
 N - a +0 scale mail (worn)
 R - a +1 hat (worn)
 S - a +0 robe of willpower
Jewellery
 j - an amulet of reflection (around neck)
 H - a +6 ring of strength (left hand)
 J - a ring of magical power (right hand)
 P - a ring of ice
Wands
 b - a wand of charming (14)
 O - a wand of iceblast (15)
 T - a wand of flame (26)
Scrolls
 c - 2 scrolls of fear
 o - 8 scrolls of teleportation
 q - 3 scrolls of amnesia
 B - 2 scrolls of vulnerability
Potions
 g - 3 potions of brilliance
 h - 2 potions of mutation
 k - 2 potions of haste
 m - a potion of curing
 n - 2 potions of might
 r - 3 potions of lignification
 t - 2 potions of magic {unknown}
 u - 2 potions of cancellation {unknown}
 v - a potion of heal wounds
 x - a potion of ambrosia {unknown}
 G - 3 potions of flight
Miscellaneous
 K - a piece from Xom's chessboard (15/15)


   Skills:
 - Level 10.0 Fighting
 - Level 11.4 Short Blades
 - Level 1.0 Armour
 + Level 7.0 Dodging
 - Level 5.5 Shields
 - Level 1.0 Spellcasting
 - Level 7.3 Necromancy
 - Level 1.0 Evocations


You had 8 spell levels left.
You knew the following spells:

 Your Spells              Type           Power      Damage    Failure   Level
a - Necrotise             Necr           84%        1d8       1%          1
b - Vampiric Draining     Necr           21%        2d7       6%          3

Your spell library contained the following spells:

 Spells                   Type           Power      Damage    Failure   Level
 Beastly Appendage        Tmut           0%         N/A       36%         1
 Wereblood                Tmut           0%         N/A       52%         2
 Spider Form              Tmut/Pois      0%         N/A       75%         3
 Iskenderun's Battlesphe  Conj           0%         2d6       100%        5
 Iron Shot                Conj/Erth      0%         9d1       100%        6
 Spellforged Servitor     Conj/Summ      0%         N/A       100%        7


Dungeon Overview and Level Annotations

Branches:
Dungeon (8/15)             Temple (1/1) D:6            Lair (2/5) D:8
  Swamp (0/4) Lair:2
  Snake: Lair:2-3    Spider: Lair:2-3

Altars:
Cheibriados
Dithmenos
Gozag
Hepliaklqana
Kikubaaqudgha
Makhleb
Nemelex Xobeh
Qazlal
Ru
Sif Muna
Trog
Uskayaw
Vehumet
Wu Jian
Xom
Yredelemnul

Shops:
D:5 [

Annotations:
Lair:1 1 transporter


Innate Abilities, Weirdness & Mutations

You have a pair of small horns on your head.
Your movements are significantly less encumbered by armour. (ER -6)
Spells you cast may paralyse nearby enemies.
You have sharp toenails.
You are agile. (Dex +4, Str/Int -1)


Message History

The swamp worm looks rather nauseous for a moment!
The swamp worm is poisoned.
The air around the swamp worm burns with energy.
The swamp worm jerks violently!
You feel a surge of magic.
The swamp worm fires a harpoon shot at you.
The harpoon shot hits your polar bear but does no damage.
The swamp worm fires a harpoon shot at you.
The harpoon shot misses you.
The swamp worm fires a harpoon shot at you.
The harpoon shot misses you. The harpoon shot hits your polar bear!!
Your molten gargoyle hits the briar patch with a +0 mace!
The briar patch is destroyed!
You struggle against the net.
The swamp worm barely misses your wind drake.
Your wind drake bites the swamp worm!
You struggle against the net.
The swamp worm fires a harpoon shot at you.
The harpoon shot hits your polar bear!
Your wind drake misses the swamp worm.
The swamp worm bites your wind drake.
Okay, then.
You struggle against the net.
The swamp worm fires a harpoon shot at you.
The harpoon shot hits you!
* * * LOW HITPOINT WARNING * * *
You are yanked forward by the harpoon shot.
You violently stop moving!
* * * LOW HITPOINT WARNING * * *
Your wind drake bites the swamp worm but does no damage.
Blink to where?
Press: ? - help, Dir - move target Really blink into that cloud of foul pestilence?
As you read the scroll of blinking, it crumbles to dust.
You are engulfed in dark miasma.
* * * LOW HITPOINT WARNING * * *
Your molten gargoyle hits the briar patch with a +0 mace.
The briar patch is engulfed in flames!
The briar patch is burned terribly!
The briar patch is destroyed!
You open the door.
You are engulfed in dark miasma.
You die...
Your body disappears without a glow.

###........## # ###........## ##
#..#.......# .# #...©......# ##
#.#####...## # #.#=©[#...## ##
####.#$$/#....# .##
#..####'####..# ..##
##.#w≈P@P§##..# ...###
#.##≈P^P≈w#.## ....P#
##.#♣≈P^☼###.#
.....#####..###°^P§♣#.# ########
............#wkP^P≈##.# #.......
............##9h^§§w#.####......♣
............#♣≈.^P§##...........~
.......##...###.©P###.........♣..
.......#......#####...........♣..


You could see 4 swamp worms, a friendly wind drake (summoned, repels missiles),
a friendly polar bear (summoned) and a friendly molten gargoyle (summoned).

Vanquished Creatures
  A hydra (D:8)
  A two-headed ogre (D:8)
  3 black mambas
  5 cane toads
  A rime drake (Lair:1)
  A komodo dragon (Lair:2)
  A polar bear (Lair:2)
  Sigmund (D:5)
  17 yaks
  A wyvern (Lair:2)
  A basilisk (Lair:2)
  Menkaure (D:4)
  Edmund (D:5)
  5 water moccasins
  A sky beast (D:6)
  An ice beast (D:8)
  An orc warrior (D:6)
  10 wolves
  2 black bears (D:5)
  3 ogres
  5 centaurs
  A phantom (D:4)
  4 kobold brigands
  3 bullfrogs
  A necrophage (D:5)
  A gnoll sergeant (D:7)
  5 scorpions
  21 wights
  6 killer bees (D:8)
  2 howler monkeys (D:8)
  2 electric eels
  2 orc priests (D:7)
  2 jellies (D:5)
  4 hounds
  4 iguanas
  Crazy Yiuf (D:5)
  Terence (D:3)
  4 orc wizards
  7 hell rats (Lair:2)
  8 adders
  13 gnolls
  A shadow imp (D:7)
  2 white imps
  2 ufetubi
  2 worms
  3 dart slugs
  16 orcs
  5 ball pythons
  4 bats
  4 endoplasms
  2 giant cockroaches
  6 goblins
  7 hobgoblins
  2 jackals (D:4)
  14 kobolds
  3 quokkas
  6 frilled lizards
  8 rats
242 creatures vanquished.

Vanquished Creatures (collateral kills)
  A black mamba (Lair:2)
  A bullfrog (Lair:1)
  A kobold (D:4)
  A quokka (D:2)
  2 briar patches (Lair:1)
6 creatures vanquished.

Vanquished Creatures (others)
  2 briar patches (Lair:1)
  A fungus (Lair:2)
  27 plants
30 creatures vanquished.

Grand Total: 278 creatures vanquished

Notes
Turn   | Place    | Note
-------+----------+-------------------------------------------
     0 | D:1      | bwicke the Demonspawn Wanderer began the quest for the Orb.
     0 | D:1      | bwicke set off with the following items: a +0 club, a wand
                  | of polymorph (4), a scroll of fear, a +0 robe, a +2
                  | buckler; and the following spell memorised: Necrotise; and
                  | the following spells available to memorise: Vampiric
                  | Draining.
     0 | D:1      | Reached XP level 1. HP: 13/13 MP: 2/2
   260 | D:1      | Gained mutation: Your movements are slightly less
                  | encumbered by armour. (ER -2) [demonic ancestry]
   260 | D:1      | Reached XP level 2. HP: 19/19 MP: 3/3
  1035 | D:1      | Gained mutation: You have a pair of small horns on your
                  | head. [demonic ancestry]
  1035 | D:1      | Reached XP level 3. HP: 23/24 MP: 1/4
  1238 | D:2      | Reached skill level 5 in Shields
  1823 | D:2      | Reached XP level 4. HP: 24/30 MP: 1/5
  2550 | D:3      | Noticed Ijyb
  2575 | D:3      | Noticed Ijyb
  2575 | D:3      | Ijyb changed into Ijyb the wolf
  2591 | D:3      | Killed Ijyb the wolf
  2592 | D:3      | Reached skill level 2 in Short Blades
  2592 | D:3      | Reached XP level 5. HP: 6/35 MP: 6/6
  2945 | D:3      | Reached skill level 3 in Short Blades
  3225 | D:3      | Noticed Terence
  3238 | D:3      | Killed Terence
  3564 | D:4      | Noticed a phantom
  3573 | D:4      | Noticed Menkaure
  3588 | D:4      | Killed a phantom
  3589 | D:4      | Reached skill level 4 in Short Blades
  3589 | D:4      | Gained mutation: Your movements are less encumbered by
                  | armour. (ER -4) [demonic ancestry]
  3589 | D:4      | Reached XP level 6. HP: 40/41 MP: 7/7
  3595 | D:4      | Killed Menkaure
  3596 | D:4      | Reached skill level 5 in Short Blades
  3818 | D:4      | Identified the +8 short sword of Eternal Harmony {vorpal,
                  | rPois rF+ rC+ Str+5}
  3824 | D:4      | Found an ancient bone altar of Kikubaaqudgha.
  3969 | D:4      | Found a shimmering blue altar of Sif Muna.
  4046 | D:5      | Entered Level 5 of the Dungeon
  4189 | D:5      | Reached XP level 7. HP: 26/46 MP: 3/8
  4440 | D:5      | Noticed Sigmund
  4452 | D:5      | Killed Sigmund
  4453 | D:5      | Reached skill level 6 in Short Blades
  4538 | D:5      | Found a radiant altar of Vehumet.
  4561 | D:5      | Reached skill level 7 in Short Blades
  4763 | D:5      | Gained mutation: Spells you cast may paralyse adjacent
                  | enemies. [demonic ancestry]
  4763 | D:5      | Reached XP level 8. HP: 42/52 MP: 9/9
  5035 | D:5      | Found Tytarch Osmur's Antique Armour Boutique.
  5111 | D:5      | Found a runed translucent door.
  5112 | D:5      | Noticed Crazy Yiuf
  5119 | D:5      | Killed Crazy Yiuf
  5250 | D:5      | Noticed Edmund
  5256 | D:5      | Killed Edmund
  5325 | D:5      | Reached skill level 5 in Necromancy
  5670 | D:6      | Learned a level 3 spell: Vampiric Draining
  5743 | D:6      | Found a staircase to the Ecumenical Temple.
  5791 | D:6      | Reached skill level 8 in Short Blades
  5803 | D:6      | Found an ornate altar of the Wu Jian Council.
  5864 | Temple   | Entered the Ecumenical Temple
  6004 | Temple   | Became a worshipper of Uskayaw the Reveller
  6017 | Temple   | Fell from the grace of Uskayaw
  6017 | Temple   | Became a worshipper of Nemelex Xobeh the Trickster
  6072 | D:6      | Reached XP level 9. HP: 56/57 MP: 6/10
  6077 | D:6      | Gained mutation: Your magical capacity is low. (-10% MP)
                  | [potion of mutation]
  6077 | D:6      | Gained mutation: You have a pair of horns on your head.
                  | [potion of mutation]
  6078 | D:6      | Lost mutation: Your magical capacity is low. (-10% MP)
                  | [potion of mutation]
  6078 | D:6      | Lost mutation: You have a pair of horns on your head.
                  | [potion of mutation]
  6078 | D:6      | Gained mutation: You have sharp toenails. [potion of
                  | mutation]
  6078 | D:6      | Gained mutation: You are agile. (Dex +4, Str/Int -1)
                  | [potion of mutation]
  6230 | D:6      | Reached skill level 9 in Short Blades
  6841 | D:7      | Reached skill level 10 in Short Blades
  7899 | D:8      | Reached * piety under Nemelex Xobeh
  7924 | D:8      | Reached skill level 11 in Short Blades
  7988 | D:8      | Found an opulent altar of Gozag.
  7991 | D:8      | Noticed an eight-headed hydra
  8066 | D:8      | Received a gift from Nemelex Xobeh
  8263 | D:8      | Paralysed by the fury of Uskayaw for 2 turns
  8280 | D:8      | Gained mutation: Spells you cast may paralyse nearby
                  | enemies. [demonic ancestry]
  8280 | D:8      | Reached XP level 10. HP: 62/63 MP: 11/11
  8281 | D:8      | Found a hazy altar of Hepliaklqana.
  8330 | D:8      | Found a staircase to the Lair.
  8416 | D:8      | Found a sacrificial altar of Ru.
  8429 | D:8      | Reached skill level 1 in Fighting
  8706 | D:8      | Killed an eight-headed hydra
  9121 | D:8      | Reached skill level 5 in Fighting
  9216 | D:8      | Noticed a two-headed ogre
  9225 | D:8      | Killed a two-headed ogre
  9450 | D:8      | Was forgiven by Uskayaw
  9497 | Lair:1   | Entered Level 1 of the Lair of Beasts
  9510 | Lair:1   | Found a transporter.
  9543 | Lair:1   | Reached ** piety under Nemelex Xobeh
 10044 | Lair:1   | Noticed a black mamba
 10044 | Lair:1   | Noticed a cane toad
 10050 | Lair:1   | Killed a cane toad
 10053 | Lair:1   | Killed a black mamba
 10218 | Lair:1   | Noticed a cane toad
 10227 | Lair:1   | Killed a cane toad
 10250 | Lair:1   | Gained mutation: Your movements are significantly less
                  | encumbered by armour. (ER -6) [demonic ancestry]
 10250 | Lair:1   | Reached XP level 11. HP: 36/87 MP: 11/12
 10280 | Lair:1   | Received a gift from Nemelex Xobeh
 10551 | Lair:1   | Found a transporter.
 10691 | Lair:2   | Found a staircase to the Swamp.
 10763 | Lair:2   | Reached *** piety under Nemelex Xobeh
 10783 | Lair:2   | Reached skill level 10 in Fighting
 10790 | Lair:2   | Reached skill level 1 in Dodging
 11041 | Lair:2   | Identified the +8 morningstar "Aqilowk" {drain, Str+4}
 11089 | Lair:2   | Reached skill level 5 in Dodging
 12252 | Lair:1   | Engulfed by a cloud of foul pestilence

Illustrated notes

Levels and vault maps discovered:
D:1:      mrwooster_arrival_statue_2, layout_basic
D:2:      layout_basic, minmay_pentomino_u4
D:3:      layout_loops_ring, uniq_ijyb, uniq_terence
D:4:      layout_cave_pools, led_sif_pool, kennysheep_little_box, uniq_menkaure
D:5:      layout_basic, mainiacjoe_overflow_chevrons, serial_shops,
          nicolae_shop_overgrown_old_shop, grunt_ministairs_3,
          sigmund_edmund_badplayer, uniq_crazy_yiuf_cottage
D:6:      layout_rooms, nicolae_wu_jian_wuxing_cycle,
          minmay_temple_entry_gardened_gates, nicolae_kite_square_tiling_tiny,
          hex_large, hellmonk_bongcloud_opening
D:7:      layout_cave_pods
D:8:      layout_basic, lemuel_round_altar, mainiacjoe_overflow_surrounded_room,
          mainiacjoe_overflow_small_starburst, hangedman_decor_growths,
          kennysheep_pointless_box, blue_anna_alchemist
Temple:   nicolae_temple_x_marks_the_god
Lair:1:   gammafunk_worm_tunnel, layout_hall_layers,
          nicolae_quartered_pool_medium
Lair:2:   layout_cave_shapes, swamp_mist, grunt_megastairs_2,
          lemuel_fruit_fields

Skill      XL: |  1  2  3  4  5  6  7  8  9 10 11 |
---------------+----------------------------------+-----
Necromancy     | 3 7 |  7.3
Shields        | 5 |  5.5
Short Blades   | 2 4 5 7 8 11 | 11.4
Fighting       | 8 10 | 10.0
Dodging        | 7 |  7.0
Armour         | |  1.0
Spellcasting   | |  1.0
Evocations     | |  1.0

Action                   |  1- 3 |  4- 6 |  7- 9 | 10-12 || total
-------------------------+-------+-------+-------+-------++-------
Melee: Club              |    38 |    43 |       |       ||    81
       Mace              |    36 |    25 |       |       ||    61
       Spear             |    27 |       |       |       ||    27
       Headbutt          |    10 |    18 |    25 |    48 ||   101
       Quick blade       |       |    30 |       |       ||    30
       Short sword       |       |    18 |   213 |   217 ||   448
       Kick              |       |       |    20 |    69 ||    89
 Cast: Necrotise         |    29 |    11 |    60 |    52 ||   152
       Vampiric Draining |       |       |       |    13 ||    13
Invok: Draw Summoning    |       |       |       |     3 ||     3
       Draw Destruction  |       |       |       |     2 ||     2
       Draw Escape       |       |       |       |     1 ||     1
Evoke: Wand              |       |     4 |     1 |     1 ||     6
       Piece from Xom's  |       |       |     1 |       ||     1
  Use: Scroll            |     4 |     7 |     5 |     5 ||    21
       Potion            |       |     5 |     4 |     1 ||    10
 Stab: Sleeping          |       |     1 |     1 |       ||     2
       Distracted        |       |     1 |       |       ||     1
       Paralysed         |       |       |    31 |    26 ||    57
Armor: Robe              |    25 |    11 |    13 |       ||    49
       Scale mail        |       |       |    11 |    37 ||    48
Dodge: Dodged            |    38 |    57 |    57 |    54 ||   206
Block: Buckler           |    76 |    63 |   100 |   104 ||   343
       Reflection        |     1 |     1 |    10 |     3 ||    15
